 Dungeon Crawl Stone Soup version 0.29-a0-821-g66395355a5 (webtiles) character file.

Game seed: 1940685445517395813

1523 buhh the Insei (level 8, -1/55 HPs)
             Began as an Octopode Transmuter on July 7, 2022.
             Engulfed by a cloud of poison gas (7 damage)
             ... on level 7 of the Dungeon.
             The game lasted 00:12:12 (7777 turns).

buhh the Insei (Octopode Transmuter)                Turns: 7777, Time: 00:12:13

Health: -1/55      AC: -2    Str: 10    XL:     8   Next: 84%
Magic:  8/11       EV: 24    Int: 23    God:
Gold:   1573       SH:  0    Dex: 23    Spells: 5/11 levels left

rFire   + . .      SeeInvis .     - Unarmed
rCold   . . .      Faith    .   (shield currently unavailable)
rNeg    + . .      Spirit   .   (helmet currently unavailable)
rPois   x          Reflect  .   x - amulet of regeneration
rElec   .          Harm     .   c - ring of positive energy
rCorr   .          Rampage  .   l - +6 ring of intelligence
Will    .....                   y - ring of protection from fire
Stlth   +++.......              f - +6 ring of dexterity
HPRegen 0.98/turn               (no ring)
MPRegen 0.12/turn               (no ring)
                                (no ring)
                                (no ring)

@: lethally poisoned (-1 -> -23), spider-form, corroded
A: venomous fangs, almost no armour, (amphibious), 8 rings, tiny, (camouflage
1), (gelatinous body 1), (nimble swimmer 1), (tentacles)
a: End Transformation


You were on level 7 of the Dungeon.
You were a venomous arachnid creature.
You visited 2 branches of the dungeon, and saw 8 of its levels.

You collected 1573 gold pieces.

Inventory:

Missiles
 m - 6 curare-tipped darts
 s - 13 poisoned darts
 w - a throwing net
Jewellery
 c - a ring of positive energy (left front leg)
 f - a +6 ring of dexterity (on tentacle)
 l - a +6 ring of intelligence (right front leg)
 x - an amulet of regeneration (around neck)
 y - a ring of protection from fire (on tentacle)
 D - a ring of fire
Wands
 j - a wand of quicksilver (10)
Scrolls
 b - 4 scrolls of immolation {!d}
 e - 3 scrolls of blinking {!d}
 g - 2 scrolls of poison
 n - 4 scrolls of teleportation {!d}
 q - 2 scrolls of noise
 t - 2 scrolls of enchant weapon
 u - 2 scrolls of enchant armour
 v - a scroll of amnesia
Potions
 a - a potion of lignification {!d}
 d - 3 potions of curing {!q!d}
 i - a potion of flight
 k - 3 potions of brilliance {unknown}
 o - a potion of haste {unknown}
 p - 2 potions of berserk rage {unknown}
 r - 2 potions of ambrosia {unknown}
 z - a potion of resistance {unknown}
 A - a potion of magic {unknown}
 B - a potion of might {unknown}
 C - a potion of mutation {unknown}


   Skills:
 + Level 5.1 Fighting
 + Level 5.4 Dodging
 - Level 3.0 Stealth
 * Level 7.9 Unarmed Combat
 - Level 2.0 Spellcasting
 - Level 2.0 Transmutations
 - Level 2.0 Poison Magic


You had 5 spell levels left.
You knew the following spells:

 Your Spells              Type           Power      Damage    Failure   Level
a - Beastly Appendage     Tmut           22%        N/A       16%         1
b - Wereblood             Tmut           11%        N/A       22%         2
c - Spider Form           Tmut/Pois      11%        N/A       36%         3

Your spell library contained the following spells:

 Spells                   Type           Power      Damage    Failure   Level
 Magic Dart               Conj           8%         1d3       30%         1
 Sandblast                Erth           4%         2d4       30%         1
 Passwall                 Tmut/Erth      5%         N/A       30%         2
 Scorch                   Fire           4%         2d5       38%         2
 Searing Ray              Conj           4%         2d4       38%         2
 Stone Arrow              Conj/Erth      4%         3d7       58%         3
 Ice Form                 Ice/Tmut       6%         N/A       82%         4
 Flame Wave               Conj/Fire      2%         2d4       90%         4
 Fulminant Prism          Conj/Hex       1%         3d6       90%         4
 Summon Cactus Giant      Summ           1%         N/A       100%        6


Dungeon Overview and Level Annotations

Branches:
Dungeon (7/15) Zot: 26882  Temple (1/1) D:5 Zot: 5906

Altars:
Ashenzari
Dithmenos
Elyvilon
Fedhas
Hepliaklqana
Kikubaaqudgha
Makhleb
Nemelex Xobeh
Qazlal
Ru
Sif Muna
Trog
Vehumet
Wu Jian
Xom
Yredelemnul
Zin
The Shining One

Shops:
D:1 (   D:3 [

Annotations:
D:3 2 runed translucent doors, zhov's ghost, amateur DsHu
D:6 exclusion: 3 wights


Innate Abilities, Weirdness & Mutations

You are a venomous arachnid creature.
You have poisonous fangs.
You are tiny and dextrous.
Your spellcasting is less reliable in this form.
Your armour is entirely melded.
You are incapable of wielding weapons or throwing items.
You cannot wear most types of armour.
((You are amphibious.))
You can wear up to eight rings at the same time.
((Your skin changes colour to match your surroundings (Stealth+).))
((Your rubbery body absorbs attacks. (AC +1, EV +1)))
((You are camouflaged when in or above water. (Stealth+)))
((You have tentacles for arms and can constrict up to eight enemies at once.))


Message History

You hit the jelly but do no damage.
Your front legs burn!
The ufetubus barely misses you. The ufetubus completely misses you.
The jelly hits you. The acid corrodes you!
You are splashed with acid!
The orc is engulfed in poison gas.
The orc is poisoned.
You kill the orc!
The orc warrior is engulfed in poison gas.
The orc warrior looks even sicker.
The gnoll is engulfed in poison gas.
The gnoll is poisoned.
The gnoll is engulfed in poison gas.
The gnoll looks even sicker.
The kobold throws a stone.
The stone completely misses you. The ufetubus completely misses you.
The ufetubus closely misses you.
You hit the jelly but do no damage.
Your front legs burn!
You kill the gnoll!
The ufetubus misses you. x2; The jelly completely misses you.
The gnoll looks even sicker.
The orc warrior is engulfed in poison gas.
The orc warrior looks even sicker.
The orc warrior hits you from afar with a +0 trident!
* * * LOW HITPOINT WARNING * * *
The kobold throws a stone.
The stone completely misses you.
Okay, then.
Okay, then.
Blink to where?
Press: ? - help, Dir - move target Really blink into that cloud of poison gas?
A phantom and a kobold come into view.
As you read the scroll of blinking {!d}, it crumbles to dust.
You are engulfed in poison gas.
You are lethally poisoned!
* * * LOW HITPOINT WARNING * * *
x2 You feel extremely sick.
A kobold comes into view. It is wielding a +0 dagger.
The orc warrior is engulfed in poison gas.
The orc warrior looks as sick as possible!
The kobold is engulfed in poison gas.
The kobold is poisoned.
You kill the kobold!
Really quaff
d - 4 potions of curing {!q!d}?
You feel better.
You are engulfed in poison gas.
You are lethally poisoned!
You die...

..........###.........##....#....
#<†...##.## #####..........##....
.........## ##............#
......#...##### #...........##
..#.###....W..# #..........##
..####...#..F§######§####.####
.## #..#####.§§§§§☼..##.....# .
#..## #..§§§#§§.§§..#...... .
...# #...s§§§##...#####..# ....
.....###§§§§§§§.# ## ...#
.KK#F.#.§☼§§§§§.#.. $. #
#..##§☼5§§§§...# #.. ##J.o§##...#
#..# #§§§§##..... #§.#§§§......
#§§##K§..##.. .... ...## ..


You could see an orc warrior (extremely poisoned), a phantom, a bullfrog
(wandering), a jelly, an ufetubus and 3 kobolds.

Vanquished Creatures
  Grinder (D:5)
  Menkaure (D:5)
  A sky beast (D:7)
  2 ogres
  A kobold brigand (D:5)
  2 phantoms
  A bullfrog (D:6)
  2 scorpions (D:6)
  A howler monkey (D:4)
  3 hounds
  A gnoll bouda (D:5)
  An orc priest (D:5)
  3 iguanas
  4 orc wizards
  6 gnolls
  7 adders
  2 ufetubi
  2 worms
  5 dart slugs
  17 orcs
  4 bats
  4 endoplasms
  3 goblins
  9 hobgoblins
  4 jackals (D:4)
  13 kobolds
  A quokka (D:4)
  5 ball pythons
  A frilled lizard (D:1)
  5 rats
112 creatures vanquished.

Notes
Turn   | Place    | Note
-------+----------+-------------------------------------------
     0 | D:1      | buhh the Octopode Transmuter began the quest for the Orb.
     0 | D:1      | Reached XP level 1. HP: 13/13 MP: 3/3
   361 | D:1      | Reached XP level 2. HP: 15/18 MP: 3/5
   478 | D:1      | Found Marori's Weapon Shoppe.
  1004 | D:1      | Reached XP level 3. HP: 14/23 MP: 4/6
  1326 | D:2      | Found a basalt altar of Yredelemnul.
  1871 | D:2      | Found a faded altar of an unknown god.
  2265 | D:3      | Found a large runed translucent door.
  2266 | D:3      | Found a large runed translucent door.
  2273 | D:3      | Noticed zhov's ghost (amateur DsHu)
  2288 | D:3      | Reached XP level 4. HP: 23/28 MP: 5/7
  2623 | D:3      | Found an ancient bone altar of Kikubaaqudgha.
  2896 | D:3      | Found a sacrificial altar of Ru.
  3177 | D:3      | Found Reizoch's Armour Boutique.
  3589 | D:3      | Learned a level 2 spell: Wereblood
  3593 | D:3      | Learned a level 3 spell: Spider Form
  3781 | D:4      | Reached skill level 4 in Unarmed Combat
  3781 | D:4      | Reached XP level 5. HP: 27/34 MP: 6/8
  3956 | D:4      | Noticed a phantom
  3978 | D:4      | Killed a phantom
  3979 | D:4      | Reached XP level 6. HP: 24/41 MP: 7/9
  4514 | D:4      | Reached skill level 5 in Unarmed Combat
  4951 | D:5      | Entered Level 5 of the Dungeon
  5259 | D:5      | Reached XP level 7. HP: 27/46 MP: 5/10
  5741 | D:5      | Noticed Grinder
  5759 | D:5      | Killed Grinder
  5760 | D:5      | Reached skill level 6 in Unarmed Combat
  5799 | D:5      | Found a staircase to the Ecumenical Temple.
  5809 | Temple   | Entered the Ecumenical Temple
  6119 | D:5      | Reached XP level 8. HP: 47/54 MP: 8/11
  6418 | D:5      | Noticed Menkaure
  6428 | D:5      | Killed Menkaure
  6429 | D:5      | Reached skill level 7 in Unarmed Combat
  6954 | D:6      | Reached skill level 5 in Dodging
  7520 | D:6      | Found a shadowy altar of Dithmenos.
  7676 | D:7      | Reached skill level 5 in Fighting
  7683 | D:6      | Identified 2 scrolls of acquirement
  7691 | D:6      | Acquired 884 gold pieces
  7693 | D:6      | Acquired 405 gold pieces
  7776 | D:7      | HP: 1/55 [poisoned by you (poison gas)]
  7777 | D:7      | Engulfed by a cloud of poison gas

Illustrated notes

Levels and vault maps discovered:
D:1:      giann_forest_graveyard, layout_loops_corners, serial_shops,
          nicolae_shop_bloodbath_and_beyond
D:2:      layout_basic, basic_ecumenical_altar, basic_altar
D:3:      layout_basic, mainiacjoe_overflow_catwalk, nicolae_ru_path_of_blood,
          ebering_ghost_disaster_area, serial_co_window_serial,
          co_window_of_opportunity_a, co_window_paths_b, co_window_paths_a,
          co_window_corner_a, co_window_paths_b, co_window_of_opportunity_b,
          co_window_unsneaky_path_d, co_window_corner_cb, co_window_sun,
          glass_columns_c, serial_shops, shop_statue
D:4:      layout_basic, minmay_puff
D:5:      cheibrodos_thug_alley, layout_basic, minmay_temple_entry_waves,
          lemuel_old_faithful, uniq_menkaure, uniq_grinder
D:6:      layout_cave_pods, nicolae_dithmenos_the_darkroom, nrook_campfire
D:7:      layout_cave_pools, mainiacjoe_overflow_six_doors_small,
          enter_bailey_1, uniq_crazy_yiuf_cottage
Temple:   nicolae_temple_superstar

Skill      XL: |  1  2  3  4  5  6  7  8 |
---------------+-------------------------+-----
Stealth        | 1 2 3 |  3.0
Poison Magic   | 1 2 |  2.0
Fighting       | 2 3 4 5 |  5.1
Unarmed Combat | 4 5 6 7 |  7.9
Dodging        | 3 4 5 |  5.4
Spellcasting   | |  2.0
Transmutations | |  2.0

Action                   |  1- 3 |  4- 6 |  7- 9 || total
-------------------------+-------+-------+-------++-------
Melee: Unarmed           |    51 |   114 |   142 ||   307
       Kick              |    20 |    23 |     8 ||    51
       Constrict         |    13 |    17 |     4 ||    34
       Tentacles         |     5 |    13 |     5 ||    23
       Punch             |     2 |     2 |     1 ||     5
 Cast: Beastly Appendage |    28 |    19 |     7 ||    54
       Spider Form       |       |     7 |    19 ||    26
       Wereblood         |       |       |     1 ||     1
  Use: Scroll            |       |       |    15 ||    15
       Potion            |       |       |     2 ||     2
 Stab: Sleeping          |    10 |     3 |     1 ||    14
Armor: Skin              |     7 |     4 |    15 ||    26
Dodge: Dodged            |    18 |    76 |   104 ||   198

Table legend: (Time is in decaauts)
 A = Elapsed time spent in this place.
 B = Non-inter-level travel time spent in this place.
 C = Inter-level travel time spent in this place.
 D = Time resting spent in this place.
 E = Time spent auto-exploring this place.
 F = Levels seen in this place.
 G = Mean time per level.
                   A        B        C        D        E       F      G
               +--------+--------+--------+--------+--------+-----+--------+
         Total |   7749 |   7495 |    254 |    627 |   5825 |   8 |  968.6 |
       Dungeon |   7655 |   7412 |    243 |    627 |   5756 |   7 | 1093.6 |
        Temple |     93 |     82 |     11 |      0 |     69 |   1 |   93.0 |
               +--------+--------+--------+--------+--------+-----+--------+

Top non-repeatable levels by time:
     D:4: 1752 daAuts
     D:3: 1471 daAuts
     D:1: 1318 daAuts
     D:5: 1223 daAuts
     D:6: 1032 daAuts
     D:2: 757 daAuts
     D:7: 99 daAuts
  Temple: 93 daAuts
